 Dungeon Crawl Stone Soup version 0.30-a0-626-gd6a5dd7a1f (webtiles) character file.

Game seed: 4869754831161600946

140 bande the Trooper (level 5, 0/33 HPs)
             Began as a Gargoyle Fighter on Jan 12, 2023.
             Slain by acebull12's ghost (3 damage)
             ... on level 3 of the Dungeon.
             The game lasted 00:05:49 (2098 turns).

bande the Trooper (Gargoyle Fighter)                Turns: 2098, Time: 00:05:49

Health: 0/33       AC: 18    Str: 20    XL:     5   Next: 23%
Magic:  5/5        EV:  5    Int:  8    God:
Gold:   132        SH:  4    Dex: 11    Spells: 4/4 levels left

rFire   . . .      SeeInvis .    a - +0 war axe
rCold   . . .      Faith    .    c - +0 buckler
rNeg    + . .      Spirit   .    i - +0 plate armour
rPois   ∞          Reflect  .    (no helmet)
rElec   +          Harm     .    h - +1 cloak
rCorr   .          Rampage  .    (no gloves)
Will    .....                    (no boots) Stlth
                                 (no amulet)
HPRegen 0.25/turn                (no ring)
MPRegen 0.09/turn                (no ring)

@: no status effects
A: sickness immunity, AC +4, negative energy resistance 1, electricity
resistance, torment resistance 1, petrification resistance
a: no special abilities


You were on level 3 of the Dungeon.
You visited 1 branch of the dungeon, and saw 3 of its levels.

You collected 132 gold pieces.

Inventory:

Hand Weapons
 a - a +0 war axe (weapon)
 j - a +0 flail
Missiles
 f - a throwing net (quivered)
Armour
 c - a +0 buckler (worn)
 h - a +1 cloak (worn)
 i - a +0 plate armour (worn)
Scrolls
 b - a scroll of identify
 k - a scroll of teleportation
 l - a scroll of magic mapping
Potions
 d - 2 potions of might
 e - a potion of haste
 g - 2 potions of curing
 m - a potion of brilliance


   Skills:
 + Level 4.2 Fighting
 + Level 3.4 Axes
 + Level 4.1 Armour
 + Level 3.7 Shields


You had 4 spell levels left.
You didn't know any spells.
Your spell library contained the following spells:

 Spells                   Type           Power      Damage    Failure   Level
 Ignite Poison            Fire/Tmut/Pois 0%         N/A       100%        3
 Dispel Undead            Necr           0%         3d6       100%        4
 Sticky Flame             Conj/Fire      0%         2d3       100%        4
 Death Channel            Necr           0%         N/A       100%        6
 Ignition                 Fire           0%         3d3       100%        8
 Cigotuvi's Dreadful Rot  Necr/Pois/Air  Unusable   N/A       N/A         2

Dungeon Overview and Level Annotations

Branches:
Dungeon (3/15)

Altars:
Ru
Uskayaw

Shops:
D:3 *

Annotations:
D:1 1 transporter
D:3 acebull12's ghost, amateur OpBr


Innate Abilities, Weirdness & Mutations

You are immune to sickness and miasma.
Your stone body is resilient. (AC +4)
You are immune to poison.
You resist negative energy. (rN+)
You are resistant to electric shocks. (rElec)
You are resistant to unholy torment.
You are immune to petrification.


Message History

You kill the orc!
You hit the orc but do no damage. The orc completely misses you.
The orc hits you but does no damage. x3; You block the orc's attack.
Unknown command.
You closely miss the orc.
The orc is moderately wounded.
You barely miss acebull12's ghost. You closely miss the orc.
You hit the orc but do no damage. The orc hits you but does no damage.
You block the orc's attack. x2; Acebull12's ghost barely misses you.
You hit the orc.
You kill the orc!
You barely miss the orc. You barely miss acebull12's ghost.
You closely miss the orc.
Acebull12's ghost hits you but does no damage.
The orc hits you but does no damage. You block the orc's attack.
Acebull12's ghost hits you but does no damage.
The orc hits you but does no damage.
Unknown command.
Unknown command.
You hit the orc but do no damage.
The orc is almost dead.
You completely miss acebull12's ghost. You hit the orc but do no damage.
Acebull12's ghost hits you but does no damage.
The orc barely misses you.
The orc hits you with the +6 hand axe of Goonenez {heavy, rPois rCorr Str+3 Dex-4}!
* * * LOW HITPOINT WARNING * * *
You barely miss the orc.
The orc is almost dead.
You hit acebull12's ghost. You completely miss the orc.
Acebull12's ghost hits you but does no damage.
The orc hits you but does no damage. x2
Acebull12's ghost hits you but does no damage.
The orc hits you but does no damage.
There is a stone staircase leading up here.
Things that are here:
a +0 hand axe; a +0 leather armour; an orc corpse Unknown command.
Acebull12's ghost keens inconsolably.
Acebull12's ghost hits you.
You die...

P.^.#...###........<.# #...~P~~~
..PP#...##...........# ##..PP~~~
#####...#..#.........# #..P~~~P
..........##.........# #...~~~~
###.....#..######..### #....~~P
###.....#..## #..# #....~~~
#.......#...## #..## #...PP~~
..)###.##.#..####...# #..~PP~~
##..##.##.##..).@.#.######..~PP~~
##..P~.##.####ooW.....##....P~~P~
#~~P~~~~#.# #..............~~~~~
.P~~P~~P..####........##....#####
.P~♣♣♣~~.P...#........###...#
.~P♣ ♣♣P.P...#...)..>.#######
.~♣♣ ♣♣~.~...#...........##
P~~♣♣♣~P.....#.......###..##
~~~~~♣~~.....#.......###...######


You could see acebull12's ghost and 2 orcs.

Vanquished Creatures
  5 gnolls
  An adder (D:3)
  2 dart slugs
  8 orcs (D:3)
  7 ball pythons
  6 endoplasms
  4 giant cockroaches
  6 goblins
  4 hobgoblins
  2 jackals (D:2)
  A quokka (D:3)
  9 bats
  4 frilled lizards
  7 kobolds
  3 rats
69 creatures vanquished.

Vanquished Creatures (others)
  A fungus (D:3)
  11 plants (D:3)
12 creatures vanquished.

Grand Total: 81 creatures vanquished

Notes
Turn   | Place    | Note
-------+----------+-------------------------------------------
     0 | D:1      | bande the Gargoyle Fighter began the quest for the Orb.
     0 | D:1      | Reached XP level 1. HP: 14/14 MP: 1/1
   100 | D:1      | Reached XP level 2. HP: 8/20 MP: 2/2
   474 | D:1      | Reached XP level 3. HP: 17/24 MP: 3/3
  1295 | D:3      | Found a hide-covered altar of Uskayaw.
  1305 | D:3      | Reached XP level 4. HP: 26/29 MP: 4/4
  1616 | D:3      | Found a runed translucent gate.
  1616 | D:3      | Found a runed translucent gate.
  1616 | D:3      | Found a runed translucent gate.
  1618 | D:3      | Noticed acebull12's ghost (amateur OpBr)
  1621 | D:3      | Identified the +6 hand axe of Goonenez {heavy, rPois rCorr
                  | Str+3 Dex-4}
  1645 | D:3      | Reached XP level 5. HP: 32/33 MP: 5/5
  1801 | D:3      | Found Ulopn's Assorted Antiques.
  1839 | D:3      | Found a sacrificial altar of Ru.
  2098 | D:3      | Slain by acebull12's ghost

Illustrated notes

Levels and vault maps discovered:
D:1:      spicycebolla_arrival_risky_transporter, layout_basic,
          minmay_indecisive_spiral
D:2:      layout_rooms
D:3:      layout_rooms, mainiacjoe_overflow_cross_hatched,
          nicolae_ru_the_path_less_chosen, biasface_ghost_orc_armoury,
          serial_shops, shop, serial_bayou, serial_bayou_shore_a,
          serial_bayou_pond_c, serial_bayou_pond_d, serial_bayou_crossing

Skill      XL: |  1  2  3  4 |
---------------+-------------+-----
Axes           | 2 3 |  3.4
Fighting       | 4 |  4.2
Armour         | 4 |  4.1
Shields        | |  3.7

Action                   |  1- 3 |  4- 6 || total
-------------------------+-------+-------++-------
Melee: War axe           |   110 |   100 ||   210
  Use: Scroll            |     6 |     3 ||     9
Armor: Scale mail        |    28 |       ||    28
       Plate armour      |    52 |   136 ||   188
Dodge: Dodged            |    43 |    37 ||    80
Block: Buckler           |    16 |    34 ||    50

Table legend: (Time is in decaauts)
 A = Elapsed time spent in this place.
 B = Non-inter-level travel time spent in this place.
 C = Inter-level travel time spent in this place.
 D = Time resting spent in this place.
 E = Time spent auto-exploring this place.
 F = Levels seen in this place.
 G = Mean time per level.
                   A        B        C        D        E       F      G
               +--------+--------+--------+--------+--------+-----+--------+
         Total |   2200 |   2200 |      0 |    212 |   1326 |   3 |  733.3 |
       Dungeon |   2200 |   2200 |      0 |    212 |   1326 |   3 |  733.3 |
               +--------+--------+--------+--------+--------+-----+--------+

Top non-repeatable levels by time:
     D:1: 936 daAuts
     D:3: 885 daAuts
     D:2: 378 daAuts
